 Dungeon Crawl Stone Soup version 0.22-a0-148-gf2798f9f4d (webtiles) character file.

35 MrRokkomies the Conjurer (level 3, 0/26 HPs)
             Began as a Demigod Conjurer on Feb 7, 2018.
             Engulfed by a cloud of flame (7 damage)
             ... on level 1 of the Dungeon.
             The game lasted 00:02:41 (844 turns).

MrRokkomies the Conjurer (Demigod Conjurer)          Turns: 844, Time: 00:02:42

Health: 0/26       AC:  2    Str: 11    XL:     3   Next: 4%
Magic:  8/8        EV: 13    Int: 21    God:
Gold:   48         SH:  0    Dex: 16    Spells: 4/5 levels left

rFire    + . .     SeeInvis .   d - +1 dagger
rCold    . . .     Gourm    .   (no shield)
rNeg     . . .     Faith    .   a - +0 robe
rPois    .         Spirit   .   (no helmet)
rElec    .         Reflect  .   (no cloak)
rCorr    .         Harm     .   (no gloves)
MR       .....                  (no boots)
Stlth    ++........             (no amulet)
HPRegen  0.08/turn              h - ring of protection from fire
MPRegen  0.11/turn              (no ring)

@: no status effects
A: high mp 1
a: no special abilities


You were on level 1 of the Dungeon.
You were not hungry.

You visited 1 branch of the dungeon, and saw 1 of its levels.

You collected 48 gold pieces.

Inventory:

Hand Weapons
 d - a +1 dagger (weapon)
Armour
 a - a +0 robe (worn)
Jewellery
 h - a ring of protection from fire (left hand)
Scrolls
 f - a scroll of enchant weapon
 i - a scroll of blinking {unknown}
Potions
 e - a potion of brilliance {unknown}
Books
 b - a book of Conjurations

   Spells                             Type                      Level
   a - Magic Dart                     Conjuration                  1
   b - Searing Ray                    Conjuration                  2
   c - Dazzling Spray                 Conjuration/Hexes            3
   d - Fulminant Prism                Conjuration/Hexes            4
   e - Force Lance                    Conjuration/Translocation    4
   f - Iskenderun's Mystic Blast      Conjuration                  4
Comestibles
 c - 2 rations


   Skills:
 * Level 2.6 Dodging
 - Level 1.7 Stealth
 - Level 1.7 Spellcasting
 * Level 4.1 Conjurations


You had 4 spell levels left.
You knew the following spells:

 Your Spells              Type           Power        Failure   Level  Hunger
a - Magic Dart            Conj           ###.         2%          1    #......


Dungeon Overview and Level Annotations

Branches:
Dungeon (1/15)


Innate Abilities, Weirdness & Mutations

You have an increased reservoir of magic. (+10% MP)


Message History

You see here a club.
Found a stone staircase leading down.
A rat comes into view.
A rat is nearby!
Found a stone staircase leading down.
The rat bites you but does no damage.
You hit the rat.
You kill the rat!
No target in view!
Found a chain mail.
Found a robe.
Found a scroll labeled GUAMMI LESH and a scroll labeled KANERU HABROOK.
Really walk into a travel-excluded area?
Found a smoky orange potion.
You are engulfed in blazing flames.
You resist.
You are engulfed in blazing flames.
You resist.
Ouch! That really hurt!
* * * LOW HITPOINT WARNING * * *
You are engulfed in blazing flames.
You resist.
You die...

#§§§# #§§§#
#####...####
.§§§.!...§§ .§§§.??..§
§§.[$?. #...# #§§@#
#§§§# #§§§#
###...######
#..........# #
#..........#>...#.....
#.................#...
#.............#.......
#.......#...#...#.....


There were no monsters in sight!

Vanquished Creatures
  2 dart slugs (D:1)
  2 leopard geckos (D:1)
  3 giant cockroaches (D:1)
  3 goblins (D:1)
  3 hobgoblins (D:1)
  4 jackals (D:1)
  2 kobolds (D:1)
  2 ball pythons (D:1)
  2 bats (D:1)
  3 rats (D:1)
26 creatures vanquished.

Notes
Turn   | Place    | Note
-------+----------+-------------------------------------------
     0 | D:1      | MrRokkomies the Demigod Conjurer began the quest for the Orb.
     0 | D:1      | Reached XP level 1. HP: 14/14 MP: 5/5
   146 | D:1      | Reached XP level 2. HP: 19/20 MP: 1/7
   258 | D:1      | Reached skill level 4 in Conjurations
   724 | D:1      | Reached XP level 3. HP: 23/26 MP: 2/8
   844 | D:1      | Engulfed by a cloud of flame

Vault maps used:
D:1:      tarquinn_simple_flora_water_f, minmay_misc_feat_four_crosses,
          lemuel_flame_loot_1

Skill      XL: |  1  2 |
---------------+-------+-----
Dodging        | 2 |  2.6
Conjurations   | 4 |  4.1
Stealth        | |  1.7
Spellcasting   | |  1.7

Action                   || total
-------------------------++-------
Melee: Dagger            ||    21
 Cast: Magic Dart        ||    42
  Use: Scroll            ||     2
Armor: Robe              ||     6
Dodge: Dodged            ||    38

Table legend:
 A = Spawn XP
 B = Non-spawn XP
 C = Spawn XP percentage of total XP
 D = Spawn monster count
 E = Non-spawn monster count
 F = Spawn count percentage of total count
 G = Total turns spent on level
                    A         B        C        D         E        F      G
               +---------+---------+-------+---------+---------+-------+---------
         Total |       0 |      51 |   0.0 |       0 |      26 |   0.0 |   844
               +---------+---------+-------+---------+---------+-------+---------
           D:1 |       0 |      51 |   0.0 |       0 |      26 |   0.0 |   844
               +---------+---------+-------+---------+---------+-------+---------
